Description

This is a 211 build that looks to do a Hellion runby at 4:10, and have 12 Marines, 4 Marauders, 2 Medivacs and 2 Mines at 5:30 with Stimpack completed. It should counter the Blink meta fairly well, and be able to respond to other all ins. Be mindful of DT and Stargate threats which will require adjustments.

* Please Note that the 3rd base timing is delayed and you could cut production (or just play like Cure) to afford it.*

VOD

https://youtu.be/ZKcocqR1oOI?t=1572

Replay - Ever Dream LE (110)

Build Order

Get SALT Encoding   

  12  0:00  SCV  
  13  0:13  SCV  
  14  0:17  Supply Depot  
  14  0:25  SCV  
  15  0:38  SCV  
  15  0:39  Barracks  
  16  0:43  Refinery  
  16  0:50  SCV  
  17  1:03  SCV  
  18  1:15  SCV  
  19  1:27  Reaper, Orbital Command  
  20  1:41  Command Center  
  20  1:51  Supply Depot  
  21  1:54  SCV  
  21  1:59  Marine  
  22  2:06  SCV  
  23  2:09  Factory  
  23  2:18  SCV  
  23  2:20  Barracks Reactor  
  24  2:26  Barracks  
  24  2:33  Refinery  
  26  2:54  Orbital Command  
  26  3:03  Barracks Tech Lab  
  27  3:07  Hellion x2  
  32  3:13  Barracks Reactor  
  32  3:23  Marine, Stimpack  
  35  3:28  Hellion x2  
  35  3:31  Supply Depot  
  41  3:43  Marine  
  43  3:53  Starport  
  43  3:55  Marine x2  
  43  3:58  Supply Depot  
  46  4:03  Marauder  
  46  4:05  Factory Reactor  
  49  4:13  Engineering Bay  
  50  4:17  Marine x2  
  50  4:21  Supply Depot  
  53  4:27  Marauder  
  53  4:29  Medivac x2  
  60  4:35  Refinery  
  60  4:37  Marine  
  62  4:42  Marine  
  65  4:51  Terran Infantry Weapons Level 1  
  65  4:52  Marauder  
  67  4:58  Marine  
  70  5:01  Widow Mine x2  
  75  5:10  Combat Shield  
  77  5:15  Marauder  
  79  5:26  Barracks  
  83  5:31  Refinery  
  83  5:38  Marauder  
  83  5:40  Medivac  
  83  5:41  Widow Mine x2  
  96  6:01  Marauder  
  100  6:06  Medivac x2  
  100  6:07  Widow Mine x2  
  111  6:20  Barracks Tech Lab  
  111  6:25  Marauder  
  115  6:29  Concussive Shells  
  116  6:33  Widow Mine x2  
  116  6:39  Marauder  
  126  6:49  Marauder  
  128  6:58  Medivac x2  
  128  7:00  Widow Mine x2  
  139  7:09  Marauder  
  147  7:35  Command Center  
  159  7:52  Barracks x2  
Spawning Tool Build Advisor. Get it on Overwolf

Go to:

Details

  • Created by: Zarmoxis
  • Published on: May 28, 2020
  • Modified on: May 28, 2020
  • Patch: 4.11.0
  • Difficulty: Hard
Show
View Real Time Build Order
Export as new Build Order

Comments (0)

There are no comments. Be the first!

Create an account to comment!